 Dungeon Crawl Stone Soup version 0.31-a0-188-g5e087ee2ca (webtiles) character file.

Game seed: 8716728846620093351

13 qw the Shooter (level 2, -1/16 HPs)
             Began as a Deep Elf Hunter on June 23, 2023.
             Slain by a cerulean imp
             ... wielding a +2 spear
             ... summoned by Natasha
              (2 damage)
             ... on level 2 of the Dungeon.
             The game lasted 00:00:15 (857 turns).

qw the Shooter (Deep Elf Hunter)                     Turns: 857, Time: 00:00:16

Health: -1/16      AC:  3    Str:  8    XL:     2   Next: 24%
Magic:  4/4        EV: 12    Int: 13    God:
Gold:   56         SH:  0    Dex: 18    Spells: 1/1 levels left

rFire   . . .        Y - +0 shortbow
rCold   . . .        (shield currently unavailable)
rNeg    . . .        c - +0 leather armour
rPois   .            (no helmet)
rElec   .            (no cloak)
rCorr   .            (no gloves)
SInv    .            (no boots)
Will    .....        (no amulet)
Stlth   ++           (no ring)
HPRegen 0.22/turn    (no ring)
MPRegen 0.09/turn

%: no passive effects
@: no status effects
A: no striking features
a: no special abilities


You were on level 2 of the Dungeon.
You visited 1 branch of the dungeon, and saw 2 of its levels.

You collected 56 gold pieces.


   Skills:
 - Level 1.5 Fighting
 + Level 6.1 Ranged Weapons
 - Level 2.4 Dodging
 - Level 1.2 Stealth


You had one spell level left.
You didn't know any spells.
Your spell library was empty.

Inventory:

Hand Weapons
 Y - a +0 shortbow (weapon)
Armour
 b - a +0 ring mail
 c - a +0 leather armour (worn)
Jewellery
 e - an amulet of the acrobat
Scrolls
 a - a scroll of teleportation {unknown}
Potions
 d - a potion of enlightenment
 i - a potion of lignification {unknown}

Dungeon Overview and Level Annotations

Branches:
Dungeon (2/15)

Altars:

Annotations:
D:2 Natasha


Message History

Natasha hisses angrily.
The arrow hits Terence!
Terence is severely wounded.
Natasha casts a spell.
Terence barely misses you.
You shoot an arrow.
The arrow hits Terence but does no damage.
Terence is severely wounded.
Natasha howls an incantation.
You feel troubled. Terence hits you with a +0 short sword.
You shoot an arrow. The arrow hits Terence.
Terence is almost dead.
Terence hits you with a +0 short sword.
You shoot an arrow. The arrow hits Terence.
Terence is almost dead.
Natasha mumbles some strange words.
Terence hits you with a +0 short sword.
You shoot an arrow. The arrow hits Terence.
Terence is almost dead.
Terence closely misses you.
You shoot an arrow. The arrow closely misses Terence.
The arrow hits Natasha.
Natasha is lightly wounded.
Terence hits you with a +0 short sword.
You shoot an arrow.
The arrow hits Terence but does no damage.
Terence is almost dead.
Terence closely misses you. Natasha closely misses you.
The cerulean imp hits you but does no damage. x2
You shoot an arrow. The arrow closely misses Terence.
The arrow hits the cerulean imp but does no damage.
Terence hits you with a +0 short sword.
Natasha casts a spell.
The cerulean imp misses you.
The cerulean imp hits you from afar with a +0 spear.
Terence hits you with a +0 short sword. Natasha misses you.
You shoot an arrow. The arrow hits Terence.
You kill Terence!
The cerulean imp hits you from afar with a +2 spear.
You die...

#.#.# ...# .# #####.#.#
... ..# #.......# # ..#
.. ......... . .[...
..#####.# #. #.#.# #.#
#.##5#.###.# #..
#.##.5.)h...[.# ##.#
#.....5@......#######...
#######.#####...........
#.# #####... #.# #.##
#.# #.# #.# #.# #.#
#######.# #.# #.......#
#.#######.#######


You could see Natasha and 3 cerulean imps.

Vanquished Creatures
  Terence (D:2)
  3 bats (D:1)
  3 endoplasms (D:1)
  A hobgoblin (D:1)
  2 ball pythons
  A frilled lizard (D:1)
  3 kobolds
  A rat (D:1)
15 creatures vanquished.

Notes
Turn   | Place    | Note
-------+----------+-------------------------------------------
     0 | D:1      | qw the Deep Elf Hunter began the quest for the Orb.
     0 | D:1      | Reached XP level 1. HP: 12/12 MP: 3/3
     0 | D:1      | 0 ||| qw: Version: 0.3-a-9-g12657ce
     0 | D:1      | 0 ||| qw: Game counter: 3104
     0 | D:1      | 0 ||| qw: Always use a shield: true
     0 | D:1      | 0 ||| qw: God list: Okawaru
     0 | D:1      | 0 ||| qw: Allow faded altars: false
     0 | D:1      | 0 ||| qw: Do Orc after D:15 true
     0 | D:1      | 0 ||| qw: Do second Lair branch before Depths: true
     0 | D:1      | 0 ||| qw: Lair rune preference: random
     0 | D:1      | 0 ||| qw: Plans: Normal
     0 | D:1      | 0 ||| PLANNING D:1-11
   381 | D:1      | Reached XP level 2. HP: 16/16 MP: 4/4
   499 | D:1      | Reached skill level 6 in Ranged Weapons
   566 | D:1      | Found a faded altar of an unknown god.
   576 | D:1      | 576 ||| READING scroll labelled NUX XINYCUSS.
   577 | D:1      | 577 ||| READING scroll labelled VASIDGH XOIT.
   678 | D:1      | 678 ||| READING scroll labelled BIOHU PUPHI.
   679 | D:1      | 679 ||| READING scroll labelled BOEBINUTAJ.
   680 | D:1      | 680 ||| DRINKING 2 grey potions.
   681 | D:1      | 681 ||| DROPPING scroll of butterflies.
   843 | D:2      | Noticed Terence
   848 | D:2      | Noticed Natasha
   856 | D:2      | HP: 1/16 [Terence/+0 short sword (4)]
   857 | D:2      | Killed Terence
   857 | D:2      | Slain by a cerulean imp

Levels and vault maps discovered:
D:1:      matt_arrival_grand_opening, layout_basic,
          dreamdust_ecumenical_altar_hidden_monk_grotto, serial_bayou_lagoon_a,
          serial_bayou_pond_a
D:2:      layout_loops_ring, uniq_terence, uniq_robin, uniq_crazy_yiuf_cottage,
          uniq_natasha

Skill      XL: |  1  2 |
---------------+-------+-----
Ranged Weapons | 6 |  6.1
Fighting       | |  1.5
Dodging        | |  2.4
Stealth        | |  1.2

Action                     || total
---------------------------++-------
   Fire: Shortbow          ||    43
    Use: Scroll            ||     4
         Potion            ||     1
 Armour: Leather armour    ||     5
  Dodge: Dodged            ||    13

Table legend:
 A = Non-vault XP
 B = Vault XP
 C = Vault XP percentage of total XP
 D = Non-vault monster count
 E = Vault monster count
 F = Vault count percentage of total count
                 A         B        C        D         E       F
            +---------+---------+-------+---------+---------+-------
      Total |      19 |      36 |  65.5 |      14 |       1 |   6.7
            +---------+---------+-------+---------+---------+-------
        D:1 |      17 |       0 |   0.0 |      12 |       0 |   0.0
        D:2 |       2 |      36 |  94.7 |       2 |       1 |  33.3
            +---------+---------+-------+---------+---------+-------
